Avalanche vs Predators
Created - 31 janvier 2013 at 19:03
Goals
|
| Avalanche |
2 |
0 |
1 |
3 |
| Predators |
4 |
1 |
2 |
7 |
|
Shots
|
| Avalanche |
5 |
11 |
6 |
22 |
| Predators |
10 |
17 |
12 |
39 |
|
1st period
1. Predators , Alexander Ovechkin 14 (Joe Thornton) at 6:13 (PP)
2. Avalanche , Radim Vrbata 4 (Sami Salo, Éric Perrin) at 7:56 (PP)
3. Predators , Joe Thornton 13 (Alexander Ovechkin, Adrian Aucoin) at 8:26
4. Predators , Mike Sillinger 17 (Oleg Saprykin, Barret Jackman) at 12:13
5. Avalanche , Mike Comrie 9 (Sami Salo) at 15:01
6. Predators , Alexander Steen 5 (Jean-Pierre Dumont, Kent Huskins) at 16:33
Penalties :
Mikael Samuelsson (Nas) for Holding (Minor) at 1:29, Maxim Talbot (Col) for Hooking (Minor) at 5:59, Chris Simon (Nas) for Holding (Minor) at 7:22, Marc Staal (Col) for Hooking (Minor) at 9:33, Janne Niinimaa (Nas) for Holding (Minor) at 12:18
2nd period
7. Predators , Joe Thornton 14 (Alexander Ovechkin) at 5:15
Penalties :
Jean-Pierre Dumont (Nas) for Hooking (Minor) at 11:01
3rd period
8. Predators , Joe Thornton 15 (Alexander Ovechkin, Janne Niinimaa) at 1:09
9. Avalanche , Ryan Smyth 16 (Mike Comrie) at 9:37 (PP)
10. Predators , Alexander Ovechkin 15 (Joe Thornton) at 14:40
Penalties :
Chris Simon (Nas) for Roughing (Double Minor) at 2:06, Chris Simon (Nas) for High sticking (Minor) at 9:29, Jean-Pierre Dumont (Nas) for Hooking (Minor) at 15:14, Frantisek Kaberle (Col) for Tripping (Minor) at 18:42
Goalie Stats
Antti Niemi (Col), 4 saves from 8 shots - (0,500), L, 5-10-2, 16:33 minutes
Patrick Lalime (Col), 28 saves from 31 shots - (0,903), 43:27 minutes
Rick DiPietro (Nas), 19 saves from 22 shots - (0,864), W, 14-9-2, 60:00 minutes
Players Stats for Avalanche
Player Name G A P +/- PIM S H SB GA TA FO MP PP MP PK MP
------------------------------------------------------------------------------------
Andrew Ladd 0 0 0 0 0 0 0 0 0 0 0/0 11:44 0:27 0:34
Chuck Kobasew 0 0 0 0 0 1 0 1 0 0 3/3 13:10 0:27 1:55
Dustin Byfuglien 0 0 0 0 0 0 0 0 0 0 0/0 5:07 0:00 0:00
Éric Perrin 0 1 1 0 0 0 1 1 0 0 0/4 10:44 5:28 0:31
Frantisek Kaberle 0 0 0 -1 2 0 2 4 0 1 0/0 21:20 7:39 0:56
Jack Johnson 0 0 0 -4 0 2 0 0 0 1 0/0 24:55 4:58 1:19
Jason Pominville 0 0 0 -2 0 5 0 1 0 0 3/3 21:27 6:42 0:00
Jere Lehtinen 0 0 0 -3 0 0 3 0 0 0 0/0 14:09 0:00 1:01
Marc Staal 0 0 0 -4 2 0 3 1 0 0 0/0 24:55 4:58 1:15
Martin Lapointe 0 0 0 0 0 0 1 0 0 0 0/0 7:43 0:36 1:55
Maxim Talbot 0 0 0 0 2 0 2 1 0 0 4/8 12:13 0:00 1:04
Mike Comrie 1 1 2 -2 0 3 2 1 0 2 16/32 21:18 6:33 0:00
Mike Rathje 0 0 0 -1 0 0 0 1 0 0 0/0 14:19 0:00 1:08
Ossi Vaananen 0 0 0 0 0 1 1 0 0 0 0/0 14:56 0:00 2:22
Radim Vrbata 1 0 1 -3 0 1 2 1 0 0 7/14 18:41 5:28 0:00
Rostislav Olesz 0 0 0 -3 0 3 1 0 1 0 0/0 18:41 5:28 0:00
Ryan Smyth 1 0 1 -2 0 4 2 1 0 0 3/4 21:27 6:42 0:00
Sami Salo 0 2 2 0 0 2 3 1 1 0 0/0 19:38 7:39 0:00
Players Stats for Predators
Player Name G A P +/- PIM S H SB GA TA FO MP PP MP PK MP
------------------------------------------------------------------------------------
Adrian Aucoin 0 1 1 2 0 1 3 1 1 0 0/0 29:10 1:50 6:44
Alexander Ovechkin 2 3 5 4 0 5 1 1 2 0 1/2 20:27 2:07 2:29
Alexander Steen 1 0 1 0 0 4 3 0 0 0 0/1 14:50 1:13 0:33
Barret Jackman 0 1 1 1 0 1 3 1 0 0 0/0 16:17 0:00 5:19
Chris Simon 0 0 0 0 8 1 1 0 0 0 0/0 6:43 0:00 0:22
Janne Niinimaa 0 1 1 2 2 1 3 0 0 0 0/0 14:41 1:40 0:34
Jean-Pierre Dumont 0 1 1 0 4 2 1 0 0 0 0/1 15:20 2:14 0:00
Joe Thornton 3 2 5 4 0 7 2 0 0 0 14/33 18:56 2:07 0:37
Kent Huskins 0 1 1 2 0 1 0 1 0 1 0/0 19:32 1:40 5:19
Mariusz Czerkawski 0 0 0 1 0 0 1 0 0 0 0/0 8:31 0:00 0:00
Mikael Samuelsson 0 0 0 4 2 2 0 2 0 0 1/2 16:55 1:13 0:00
Mike Ribeiro 0 0 0 0 0 2 4 0 0 0 5/10 13:56 1:13 0:00
Mike Sillinger 1 0 1 1 0 3 1 1 0 1 7/13 15:28 0:16 6:37
Oleg Saprykin 0 1 1 1 0 3 1 1 0 0 1/2 15:16 0:07 6:38
Paul Mara 0 0 0 1 0 0 0 1 0 0 0/0 11:18 0:00 0:34
Richard Park 0 0 0 0 0 3 2 0 0 0 1/1 10:26 0:00 3:59
Robyn Regehr 0 0 0 2 0 2 1 3 1 0 0/0 29:04 1:50 6:44
Todd White 0 0 0 0 0 1 0 0 0 0 2/3 10:26 0:00 3:59
3 Stars
1 - Joe Thornton (Nas)
2 - Alexander Ovechkin (Nas)
3 - Adrian Aucoin (Nas)
Power Play
Avalanche - 2 on 8 Attempt(s) - 25,00%
Predators - 1 on 3 Attempt(s) - 33,33%
Penalty Kill
Avalanche - 2 on 3 Attempt(s) - 66,67%
- Score 0 goal in Penalty Kill
Predators - 6 on 8 Attempt(s) - 75,00%
- Score 0 goal in Penalty Kill
Official
Referees : Walsh Ian and Sutherland Kelly
Linesman : Brad Lazarowich and Derek Nansen
Game Notes
Patrick Lalime enters game at 16:33 of 1st period
Joe Thornton has scored a Hat Trick!
Finance
Level 1 -- Attendance: 3949 (65,82%) -- Ticket Income 390 951 $
Level 2 -- Attendance: 4035 (80,70%) -- Ticket Income 238 065 $
Level 3 -- Attendance: 1750 (87,50%) -- Ticket Income 56 000 $
Level 4 -- Attendance: 3827 (95,68%) -- Ticket Income 76 540 $
Luxury Box -- Attendance: 682 (68,20%) -- Ticket Income 136 400 $
Game was played at the Wildcat center
Total Attendance: 14243 (79,13%)
Total Ticket Income: 897 956 $
Total Income: 897 956 $
Avalanche
5 vs 5 Forward
Center Left Wing Right Wing Time % Phy DF OF
1 Mike Comrie Ryan Smyth Jason Pominville 40 0 1 4
2 Radim Vrbata Rostislav Olesz Jere Lehtinen 30 0 2 3
3 Maxim Talbot Andrew Ladd Chuck Kobasew 20 1 3 1
4 Éric Perrin Dustin Byfuglien Martin Lapointe 10 1 3 1
5 vs 5 Defense
Defense Defense Time % Phy DF OF
1 Marc Staal Jack Johnson 40 1 2 2
2 Ossi Vaananen Sami Salo 30 1 2 2
3 Frantisek Kaberle Mike Rathje 30 1 3 1
4 Frantisek Kaberle Sami Salo 0 1 2 2
PowerPlay Forward
Center Left Wing Right Wing Time % Phy DF OF
1 Mike Comrie Ryan Smyth Jason Pominville 60 0 1 4
2 Éric Perrin Rostislav Olesz Radim Vrbata 40 0 1 4
PowerPlay Defense
Defense Defense Time % Phy DF OF
1 Frantisek Kaberle Sami Salo 60 1 1 3
2 Marc Staal Jack Johnson 40 1 1 3
Penalty Kill 4 Players Forward
Center Wing Time % Phy DF OF
1 Chuck Kobasew Martin Lapointe 60 1 3 1
2 Maxim Talbot Jere Lehtinen 40 1 3 1
Penalty Kill 4 Players Defense
Defense Defense Time % Phy DF OF
1 Marc Staal Ossi Vaananen 60 1 3 1
2 Jack Johnson Mike Rathje 40 1 3 1
Penalty Kill - 3 Players Forward
Forward Time % Phy DF OF
1 Ryan Smyth 60 1 2 2
2 Jason Pominville 40 1 2 2
Penalty Kill - 3 Players Defense
Defense Defense Time % Phy DF OF
1 Marc Staal Ossi Vaananen 60 1 2 2
2 Jack Johnson Mike Rathje 40 1 2 2
4 vs 4 Forward
Center Wing Time % Phy DF OF
1 Ryan Smyth Jason Pominville 60 1 2 2
2 Jere Lehtinen Mike Comrie 40 1 2 2
4 vs 4 Defense
Defense Defense Time % Phy DF OF
1 Frantisek Kaberle Sami Salo 60 1 2 2
2 Marc Staal Mike Rathje 40 1 2 2
Last Minutes Offensive
Center Left Wing Right Wing Defense Defense
Mike Comrie Ryan Smyth Jason Pominville Frantisek Kaberle Sami Salo
Last Minutes Defensive
Center Left Wing Right Wing Defense Defense
Mike Comrie Ryan Smyth Jason Pominville Frantisek Kaberle Sami Salo
Goaltenders
Starting : Antti Niemi
Backup : Patrick Lalime
Extra Forwards
Normal : Radim Vrbata, Martin Lapointe, Maxim Talbot - PP : Radim Vrbata, Martin Lapointe - PK : Maxim Talbot
Extra Defensemen
Normal : Ossi Vaananen, Jack Johnson, Marc Staal - PP : Ossi Vaananen - PK : Jack Johnson, Marc Staal
Penalty Shots
Ryan Smyth, Jason Pominville, Jere Lehtinen, Mike Comrie, Radim Vrbata
Predators
5 vs 5 Forward
Center Left Wing Right Wing Time % Phy DF OF
1 Joe Thornton Alexander Ovechkin Mikael Samuelsson 40 1 2 2
2 Mike Ribeiro Alexander Steen Jean-Pierre Dumont 30 1 2 2
3 Mike Sillinger Oleg Saprykin Mariusz Czerkawski 20 1 2 2
4 Todd White Chris Simon Richard Park 10 1 2 2
5 vs 5 Defense
Defense Defense Time % Phy DF OF
1 Adrian Aucoin Robyn Regehr 40 1 2 2
2 Janne Niinimaa Kent Huskins 30 1 2 2
3 Barret Jackman Paul Mara 20 1 2 2
4 Adrian Aucoin Robyn Regehr 10 1 2 2
PowerPlay Forward
Center Left Wing Right Wing Time % Phy DF OF
1 Joe Thornton Alexander Ovechkin Jean-Pierre Dumont 60 1 2 2
2 Mike Ribeiro Alexander Steen Mikael Samuelsson 40 1 2 2
PowerPlay Defense
Defense Defense Time % Phy DF OF
1 Adrian Aucoin Robyn Regehr 60 1 2 2
2 Janne Niinimaa Kent Huskins 40 1 2 2
Penalty Kill 4 Players Forward
Center Wing Time % Phy DF OF
1 Mike Sillinger Oleg Saprykin 60 1 2 2
2 Todd White Richard Park 40 1 2 2
Penalty Kill 4 Players Defense
Defense Defense Time % Phy DF OF
1 Adrian Aucoin Robyn Regehr 60 1 2 2
2 Barret Jackman Kent Huskins 40 1 2 2
Penalty Kill - 3 Players Forward
Forward Time % Phy DF OF
1 Todd White 60 1 2 2
2 Mike Sillinger 40 1 2 2
Penalty Kill - 3 Players Defense
Defense Defense Time % Phy DF OF
1 Adrian Aucoin Robyn Regehr 60 1 2 2
2 Barret Jackman Kent Huskins 40 1 2 2
4 vs 4 Forward
Center Wing Time % Phy DF OF
1 Joe Thornton Alexander Ovechkin 60 1 2 2
2 Mike Ribeiro Jean-Pierre Dumont 40 1 2 2
4 vs 4 Defense
Defense Defense Time % Phy DF OF
1 Adrian Aucoin Robyn Regehr 60 1 2 2
2 Janne Niinimaa Kent Huskins 40 1 2 2
Last Minutes Offensive
Center Left Wing Right Wing Defense Defense
Joe Thornton Alexander Ovechkin Jean-Pierre Dumont Adrian Aucoin Robyn Regehr
Last Minutes Defensive
Center Left Wing Right Wing Defense Defense
Joe Thornton Alexander Ovechkin Jean-Pierre Dumont Adrian Aucoin Robyn Regehr
Goaltenders
Starting : Rick DiPietro
Backup : Nikolai Khabibulin
Extra Forwards
Normal : Mike Sillinger, Oleg Saprykin, Todd White - PP : Mike Sillinger, Oleg Saprykin - PK : Alexander Ovechkin
Extra Defensemen
Normal : Barret Jackman, Paul Mara, Adrian Aucoin - PP : Barret Jackman - PK : Paul Mara, Barret Jackman
Penalty Shots
Alexander Ovechkin, Joe Thornton, Mike Ribeiro, Jean-Pierre Dumont, Chris Simon
% Time on Ice - Avalanche
Lines # - Real PCT - Wanted PCT - Time Play
Normal Forward
1 - 34% - 40% - 14:50
2 - 30% - 30% - 13:13
3 - 24% - 20% - 10:43
4 - 12% - 10% - 5:07
Normal Defense
1 - 41% - 40% - 18:05
2 - 29% - 30% - 12:37
3 - 30% - 30% - 13:11
4 - 0% - 0% - 0:00
PP Forward
1 - 57% - 60% - 7:09
2 - 43% - 40% - 5:28
PP Defense
1 - 61% - 60% - 7:39
2 - 39% - 40% - 4:58
PK Forward
1 - 71% - 60% - 2:29
2 - 29% - 40% - 1:01
PK Defense
1 - 92% - 60% - 3:14
2 - 8% - 40% - 0:16
PK3 Forward
1 - 0% - 60%
2 - 0% - 40%
PK3 Defense
1 - 0% - 60%
2 - 0% - 40%
44 Forward
1 - 0% - 60%
2 - 0% - 40%
44 Defense
1 - 0% - 60%
2 - 0% - 40%
Last Minute Offensive - 0:00
Last Minute Defensive - 0:00
Total
Forward - 60:00
Defense - 60:00
|
% Time on Ice - Predators
Lines # - Real PCT - Wanted PCT - Time Play
Normal Forward
1 - 37% - 40% - 16:12
2 - 29% - 30% - 12:46
3 - 19% - 20% - 8:31
4 - 15% - 10% - 6:24
Normal Defense
1 - 42% - 40% - 18:37
2 - 29% - 30% - 12:39
3 - 23% - 20% - 10:18
4 - 5% - 10% - 2:19
PP Forward
1 - 65% - 60% - 2:17
2 - 35% - 40% - 1:13
PP Defense
1 - 52% - 60% - 1:50
2 - 48% - 40% - 1:40
PK Forward
1 - 68% - 60% - 8:38
2 - 32% - 40% - 3:59
PK Defense
1 - 58% - 60% - 7:18
2 - 42% - 40% - 5:19
PK3 Forward
1 - 0% - 60%
2 - 0% - 40%
PK3 Defense
1 - 0% - 60%
2 - 0% - 40%
44 Forward
1 - 0% - 60%
2 - 0% - 40%
44 Defense
1 - 0% - 60%
2 - 0% - 40%
Last Minute Offensive - 0:00
Last Minute Defensive - 0:00
Total
Forward - 60:00
Defense - 60:00
|
Play by Play
1st period
0:01 of 1st period - Mike Comrie wins face-off versus Joe Thornton in neutral zone.
0:31 of 1st period - Mike Ribeiro is hit by Ossi Vaananen and loses puck.
1:06 of 1st period - Janne Niinimaa is hit by Ryan Smyth and loses puck.
1:26 of 1st period - Off-side.
1:27 of 1st period - Joe Thornton wins face-off versus Éric Perrin in neutral zone.
1:29 of 1st period - Minor Penalty to Mikael Samuelsson for Holding.
1:30 of 1st period - Mike Comrie wins face-off versus Mike Sillinger in Predators zone.
1:55 of 1st period - Frantisek Kaberle is hit by Richard Park and loses puck.
2:24 of 1st period - Todd White is hit by Ryan Smyth and loses puck.
2:34 of 1st period - Icing by Jason Pominville.
2:35 of 1st period - Mike Sillinger wins face-off versus Mike Comrie in Avalanche zone.
3:29 of 1st period - Penalty to Mikael Samuelsson is over, Mikael Samuelsson is back on ice.
3:46 of 1st period - Joe Thornton is hit by Marc Staal and loses puck.
3:59 of 1st period - Wrist shot by Alexander Steen.
3:59 of 1st period - Deflect By Jean-Pierre Dumont.
3:59 of 1st period - Stopped by Antti Niemi without a rebound.
4:00 of 1st period - Mike Ribeiro wins face-off versus Éric Perrin in Avalanche zone.
4:23 of 1st period - Snap shot by Jason Pominville.
4:23 of 1st period - Stopped by Rick DiPietro with a rebound.
4:25 of 1st period - Slapshot by Frantisek Kaberle.
4:25 of 1st period - Shot Blocked by Alexander Ovechkin.
4:27 of 1st period - Wrist shot by Jason Pominville.
4:27 of 1st period - Shot Blocked by Robyn Regehr.
4:29 of 1st period - Snap shot by Jason Pominville.
4:29 of 1st period - Shot Blocked by Mikael Samuelsson.
4:41 of 1st period - Slapshot by Mike Sillinger.
4:41 of 1st period - Shot Misses the Net.
4:49 of 1st period - Snap shot by Oleg Saprykin.
4:49 of 1st period - Stopped by Antti Niemi without a rebound.
4:50 of 1st period - Mike Comrie wins face-off versus Mike Ribeiro in Avalanche zone.
4:55 of 1st period - Snap shot by Mike Comrie.
4:55 of 1st period - Shot Blocked by Barret Jackman.
5:03 of 1st period - Wrist shot by Alexander Steen.
5:03 of 1st period - Shot Misses the Net.
5:05 of 1st period - Snap shot by Alexander Steen.
5:05 of 1st period - Shot Misses the Net.
5:15 of 1st period - Marc Staal is hit by Barret Jackman.
5:29 of 1st period - Snap shot by Jason Pominville.
5:29 of 1st period - Deflect By Ryan Smyth.
5:29 of 1st period - Shot Misses the Net.
5:29 of 1st period - Puck is out of play.
5:30 of 1st period - Joe Thornton wins face-off versus Radim Vrbata in Predators zone.
5:59 of 1st period - Minor Penalty to Maxim Talbot for Hooking.
6:00 of 1st period - Chuck Kobasew wins face-off versus Joe Thornton in Avalanche zone.
6:11 of 1st period - Wrist shot by Joe Thornton.
6:11 of 1st period - Stopped by Antti Niemi with a rebound.
6:13 of 1st period - Snap shot by Joe Thornton.
6:13 of 1st period - Deflect By Alexander Ovechkin.
6:13 of 1st period - Goal by Alexander Ovechkin - Avalanche : 0 - Predators : 1.
6:14 of 1st period - Joe Thornton wins face-off versus Radim Vrbata in neutral zone.
6:17 of 1st period - Snap shot by Joe Thornton.
6:17 of 1st period - Shot Blocked by Marc Staal.
6:39 of 1st period - Mike Comrie is hit by Mike Ribeiro and loses puck.
7:22 of 1st period - Minor Penalty to Chris Simon for Holding.
7:23 of 1st period - Mike Sillinger wins face-off versus Mike Comrie in Predators zone.
7:50 of 1st period - Snap shot by Éric Perrin.
7:50 of 1st period - Shot Blocked by Adrian Aucoin.
7:52 of 1st period - Snap shot by Radim Vrbata.
7:52 of 1st period - Shot Misses the Net.
7:54 of 1st period - Snap shot by Sami Salo.
7:54 of 1st period - Shot Misses the Net.
7:56 of 1st period - Slapshot by Radim Vrbata.
7:56 of 1st period - Goal by Radim Vrbata - Avalanche : 1 - Predators : 1.
7:57 of 1st period - Joe Thornton wins face-off versus Radim Vrbata in neutral zone.
8:06 of 1st period - Snap shot by Alexander Ovechkin.
8:06 of 1st period - Stopped by Antti Niemi without a rebound.
8:07 of 1st period - Radim Vrbata wins face-off versus Joe Thornton in Avalanche zone.
8:26 of 1st period - Slapshot by Joe Thornton.
8:26 of 1st period - Goal by Joe Thornton - Avalanche : 1 - Predators : 2.
8:27 of 1st period - Mike Ribeiro wins face-off versus Mike Comrie in neutral zone.
8:30 of 1st period - Slapshot by Adrian Aucoin.
8:30 of 1st period - Shot Blocked by Mike Comrie.
8:36 of 1st period - Jean-Pierre Dumont is hit by Mike Comrie and loses puck.
8:55 of 1st period - Backhand shot by Adrian Aucoin.
8:55 of 1st period - Deflect By Alexander Ovechkin.
8:55 of 1st period - Shot Blocked by Radim Vrbata.
8:55 of 1st period - Puck is out of play.
8:56 of 1st period - Radim Vrbata wins face-off versus Joe Thornton in Avalanche zone.
9:19 of 1st period - Jere Lehtinen is hit by Joe Thornton and loses puck.
9:33 of 1st period - Minor Penalty to Marc Staal for Hooking.
9:34 of 1st period - Chuck Kobasew wins face-off versus Joe Thornton in Avalanche zone.
11:33 of 1st period - Penalty to Marc Staal is over, Marc Staal is back on ice.
11:47 of 1st period - Richard Park is hit by Marc Staal.
12:13 of 1st period - Slapshot by Mike Sillinger.
12:13 of 1st period - Goal by Mike Sillinger - Avalanche : 1 - Predators : 3.
12:14 of 1st period - Ryan Smyth wins face-off versus Alexander Steen in neutral zone.
12:18 of 1st period - Minor Penalty to Janne Niinimaa for Holding.
12:19 of 1st period - Mike Sillinger wins face-off versus Mike Comrie in Predators zone.
14:12 of 1st period - Icing by Marc Staal.
14:13 of 1st period - Radim Vrbata wins face-off versus Todd White in Avalanche zone.
14:18 of 1st period - Penalty to Janne Niinimaa is over, Janne Niinimaa is back on ice.
14:36 of 1st period - Mikael Samuelsson is hit by Frantisek Kaberle and loses puck.
14:49 of 1st period - Snap shot by Jason Pominville.
14:49 of 1st period - Stopped by Rick DiPietro without a rebound.
14:50 of 1st period - Jason Pominville wins face-off versus Mike Ribeiro in Predators zone.
15:01 of 1st period - Snap shot by Mike Comrie.
15:01 of 1st period - Goal by Mike Comrie - Avalanche : 2 - Predators : 3.
15:02 of 1st period - Joe Thornton wins face-off versus Mike Comrie in neutral zone.
15:43 of 1st period - Sami Salo is hit by Alexander Steen and loses puck.
15:50 of 1st period - Radim Vrbata is hit by Mike Ribeiro and loses puck.
16:29 of 1st period - Slapshot by Jean-Pierre Dumont.
16:29 of 1st period - Shot Blocked by Frantisek Kaberle.
16:33 of 1st period - Wrist shot by Alexander Steen.
16:33 of 1st period - Goal by Alexander Steen - Avalanche : 2 - Predators : 4.
16:33 of 1st period - Patrick Lalime enters game.
16:34 of 1st period - Mike Comrie wins face-off versus Joe Thornton in neutral zone.
17:08 of 1st period - Wrist shot by Maxim Talbot.
17:08 of 1st period - Shot Blocked by Mike Sillinger.
17:26 of 1st period - Martin Lapointe is hit by Chris Simon and loses puck.
17:59 of 1st period - Snap shot by Mikael Samuelsson.
17:59 of 1st period - Deflect By Frantisek Kaberle.
17:59 of 1st period - Stopped by Patrick Lalime with a rebound.
18:01 of 1st period - Slapshot by Janne Niinimaa.
18:01 of 1st period - Stopped by Patrick Lalime without a rebound.
18:02 of 1st period - Maxim Talbot wins face-off versus Mike Ribeiro in Avalanche zone.
18:28 of 1st period - Mike Rathje is hit by Oleg Saprykin and loses puck.
19:02 of 1st period - Snap shot by Alexander Ovechkin.
19:02 of 1st period - Shot Misses the Net.
19:12 of 1st period - Wrist shot by Jean-Pierre Dumont.
19:12 of 1st period - Shot Blocked by Ryan Smyth.
19:14 of 1st period - Wrist shot by Alexander Steen.
19:14 of 1st period - Shot Misses the Net.
19:16 of 1st period - Snap shot by Alexander Steen.
19:16 of 1st period - Deflect By Mike Ribeiro.
19:16 of 1st period - Shot Blocked by Jason Pominville.
19:16 of 1st period - Puck is out of play.
19:17 of 1st period - Mike Ribeiro wins face-off versus Radim Vrbata in Avalanche zone.
19:28 of 1st period - Slapshot by Rostislav Olesz.
19:28 of 1st period - Stopped by Rick DiPietro with a rebound.
19:30 of 1st period - Slapshot by Marc Staal.
19:30 of 1st period - Shot Blocked by Robyn Regehr.
19:42 of 1st period - Joe Thornton is hit by Éric Perrin and loses puck.
2nd period
0:01 of 2nd period - Mike Comrie wins face-off versus Joe Thornton in neutral zone.
0:26 of 2nd period - Jere Lehtinen is hit by Mariusz Czerkawski and loses puck.
0:33 of 2nd period - Slapshot by Sami Salo.
0:33 of 2nd period - Stopped by Rick DiPietro without a rebound.
0:34 of 2nd period - Mike Comrie wins face-off versus Mike Ribeiro in Predators zone.
1:57 of 2nd period - Slapshot by Oleg Saprykin.
1:57 of 2nd period - Shot Misses the Net.
2:07 of 2nd period - Slapshot by Jack Johnson.
2:07 of 2nd period - Stopped by Rick DiPietro with a rebound.
2:26 of 2nd period - Jason Pominville is hit by Alexander Steen and loses puck.
2:43 of 2nd period - Snap shot by Jean-Pierre Dumont.
2:43 of 2nd period - Deflect By Alexander Steen.
2:43 of 2nd period - Shot Misses the Net.
2:43 of 2nd period - Puck is out of play.
2:44 of 2nd period - Radim Vrbata wins face-off versus Mike Sillinger in Avalanche zone.
3:15 of 2nd period - Slapshot by Sami Salo.
3:15 of 2nd period - Stopped by Rick DiPietro without a rebound.
3:16 of 2nd period - Mike Comrie wins face-off versus Joe Thornton in Predators zone.
3:41 of 2nd period - Chuck Kobasew is hit by Jean-Pierre Dumont and loses puck.
3:49 of 2nd period - Ossi Vaananen is hit by Mike Ribeiro and loses puck.
4:06 of 2nd period - Wrist shot by Rostislav Olesz.
4:06 of 2nd period - Stopped by Rick DiPietro with a rebound.
4:14 of 2nd period - Wrist shot by Jere Lehtinen.
4:14 of 2nd period - Shot Blocked by Kent Huskins.
5:03 of 2nd period - Snap shot by Richard Park.
5:03 of 2nd period - Stopped by Patrick Lalime without a rebound.
5:04 of 2nd period - Joe Thornton wins face-off versus Ryan Smyth in Avalanche zone.
5:15 of 2nd period - Snap shot by Joe Thornton.
5:15 of 2nd period - Goal by Joe Thornton - Avalanche : 2 - Predators : 5.
5:16 of 2nd period - Mike Comrie wins face-off versus Joe Thornton in neutral zone.
5:31 of 2nd period - Snap shot by Mike Comrie.
5:31 of 2nd period - Deflect By Adrian Aucoin.
5:31 of 2nd period - Stopped by Rick DiPietro with a rebound.
5:43 of 2nd period - Snap shot by Rostislav Olesz.
5:43 of 2nd period - Stopped by Rick DiPietro with a rebound.
6:29 of 2nd period - Snap shot by Adrian Aucoin.
6:29 of 2nd period - Stopped by Patrick Lalime with a rebound.
6:31 of 2nd period - Snap shot by Chris Simon.
6:31 of 2nd period - Shot Misses the Net.
7:11 of 2nd period - Slapshot by Kent Huskins.
7:11 of 2nd period - Shot Hit the Post.
7:13 of 2nd period - Wrist shot by Jean-Pierre Dumont.
7:13 of 2nd period - Shot Blocked by Frantisek Kaberle.
7:29 of 2nd period - Snap shot by Andrew Ladd.
7:29 of 2nd period - Deflect By Maxim Talbot.
7:29 of 2nd period - Shot Misses the Net.
7:29 of 2nd period - Puck is out of play.
7:30 of 2nd period - Maxim Talbot wins face-off versus Joe Thornton in Predators zone.
7:31 of 2nd period - Slapshot by Chuck Kobasew.
7:31 of 2nd period - Stopped by Rick DiPietro without a rebound.
7:32 of 2nd period - Joe Thornton wins face-off versus Mike Comrie in Predators zone.
7:39 of 2nd period - Marc Staal is hit by Alexander Ovechkin and loses puck.
8:17 of 2nd period - Marc Staal is hit by Barret Jackman and loses puck.
8:26 of 2nd period - Wrist shot by Jean-Pierre Dumont.
8:26 of 2nd period - Deflect By Alexander Steen.
8:26 of 2nd period - Stopped by Patrick Lalime without a rebound.
8:27 of 2nd period - Mike Comrie wins face-off versus Joe Thornton in Avalanche zone.
8:41 of 2nd period - Off-side.
8:42 of 2nd period - Mike Sillinger wins face-off versus Mike Comrie in neutral zone.
8:45 of 2nd period - Mike Comrie is hit by Mike Sillinger and loses puck.
8:58 of 2nd period - Sami Salo is hit by Adrian Aucoin and loses puck.
9:22 of 2nd period - Snap shot by Joe Thornton.
9:22 of 2nd period - Stopped by Patrick Lalime with a rebound.
9:24 of 2nd period - Wrist shot by Mikael Samuelsson.
9:24 of 2nd period - Stopped by Patrick Lalime without a rebound.
9:25 of 2nd period - Maxim Talbot wins face-off versus Mike Ribeiro in Avalanche zone.
9:32 of 2nd period - Backhand shot by Robyn Regehr.
9:32 of 2nd period - Stopped by Patrick Lalime without a rebound.
9:33 of 2nd period - Maxim Talbot wins face-off versus Jean-Pierre Dumont in Avalanche zone.
9:42 of 2nd period - Wrist shot by Andrew Ladd.
9:42 of 2nd period - Shot Misses the Net.
10:38 of 2nd period - Backhand shot by Robyn Regehr.
10:38 of 2nd period - Shot Misses the Net.
10:40 of 2nd period - Wrist shot by Alexander Steen.
10:40 of 2nd period - Shot Misses the Net.
10:42 of 2nd period - Wrist shot by Alexander Steen.
10:42 of 2nd period - Stopped by Patrick Lalime with a rebound.
10:44 of 2nd period - Wrist shot by Adrian Aucoin.
10:44 of 2nd period - Shot Blocked by Chuck Kobasew.
10:46 of 2nd period - Backhand shot by Mike Ribeiro.
10:46 of 2nd period - Stopped by Patrick Lalime with a rebound.
10:58 of 2nd period - Wrist shot by Alexander Steen.
10:58 of 2nd period - Stopped by Patrick Lalime with a rebound.
11:00 of 2nd period - Wrist shot by Jean-Pierre Dumont.
11:00 of 2nd period - Shot Misses the Net.
11:01 of 2nd period - Minor Penalty to Jean-Pierre Dumont for Hooking.
11:02 of 2nd period - Mike Sillinger wins face-off versus Mike Comrie in Predators zone.
11:27 of 2nd period - Oleg Saprykin is hit by Sami Salo and loses puck.
11:40 of 2nd period - Barret Jackman is hit by Frantisek Kaberle and loses puck.
12:17 of 2nd period - Rostislav Olesz is hit by Richard Park and loses puck.
13:01 of 2nd period - Penalty to Jean-Pierre Dumont is over, Jean-Pierre Dumont is back on ice.
13:12 of 2nd period - Snap shot by Todd White.
13:12 of 2nd period - Shot Misses the Net.
13:14 of 2nd period - Snap shot by Richard Park.
13:14 of 2nd period - Stopped by Patrick Lalime without a rebound.
13:15 of 2nd period - Todd White wins face-off versus Maxim Talbot in Avalanche zone.
13:38 of 2nd period - Maxim Talbot is hit by Alexander Steen and loses puck.
13:43 of 2nd period - Backhand shot by Jean-Pierre Dumont.
13:43 of 2nd period - Stopped by Patrick Lalime without a rebound.
13:44 of 2nd period - Mike Comrie wins face-off versus Alexander Ovechkin in Avalanche zone.
13:49 of 2nd period - Paul Mara is hit by Mike Comrie and loses puck.
13:53 of 2nd period - Icing by Paul Mara.
13:54 of 2nd period - Mike Comrie wins face-off versus Mikael Samuelsson in Predators zone.
13:59 of 2nd period - Wrist shot by Mike Comrie.
13:59 of 2nd period - Shot Misses the Net.
14:13 of 2nd period - Snap shot by Alexander Ovechkin.
14:13 of 2nd period - Shot Blocked by Frantisek Kaberle.
14:15 of 2nd period - Backhand shot by Alexander Ovechkin.
14:15 of 2nd period - Shot Misses the Net.
14:19 of 2nd period - Wrist shot by Alexander Ovechkin.
14:19 of 2nd period - Shot Misses the Net.
14:37 of 2nd period - Wrist shot by Joe Thornton.
14:37 of 2nd period - Shot Blocked by Frantisek Kaberle.
14:41 of 2nd period - Wrist shot by Alexander Ovechkin.
14:41 of 2nd period - Shot Blocked by Mike Rathje.
15:23 of 2nd period - Wrist shot by Ryan Smyth.
15:23 of 2nd period - Shot Misses the Net.
15:29 of 2nd period - Snap shot by Alexander Ovechkin.
15:29 of 2nd period - Stopped by Patrick Lalime with a rebound.
15:31 of 2nd period - Wrist shot by Joe Thornton.
15:31 of 2nd period - Stopped by Patrick Lalime without a rebound.
15:32 of 2nd period - Radim Vrbata wins face-off versus Mike Sillinger in Avalanche zone.
15:37 of 2nd period - Wrist shot by Oleg Saprykin.
15:37 of 2nd period - Stopped by Patrick Lalime without a rebound.
15:38 of 2nd period - Mike Sillinger wins face-off versus Radim Vrbata in Avalanche zone.
15:49 of 2nd period - Snap shot by Mike Sillinger.
15:49 of 2nd period - Shot Misses the Net.
15:51 of 2nd period - Snap shot by Robyn Regehr.
15:51 of 2nd period - Deflect By Mike Sillinger.
15:51 of 2nd period - Stopped by Patrick Lalime without a rebound.
15:52 of 2nd period - Mike Ribeiro wins face-off versus Radim Vrbata in Avalanche zone.
16:22 of 2nd period - Chuck Kobasew is hit by Janne Niinimaa and loses puck.
16:37 of 2nd period - Dustin Byfuglien is hit by Janne Niinimaa and loses puck.
16:44 of 2nd period - Slapshot by Jack Johnson.
16:44 of 2nd period - Shot Misses the Net.
16:46 of 2nd period - Slapshot by Martin Lapointe.
16:46 of 2nd period - Shot Misses the Net.
17:19 of 2nd period - Andrew Ladd is hit by Robyn Regehr and loses puck.
17:36 of 2nd period - Alexander Ovechkin is hit by Martin Lapointe and loses puck.
17:43 of 2nd period - Snap shot by Sami Salo.
17:43 of 2nd period - Shot Blocked by Paul Mara.
17:53 of 2nd period - Snap shot by Mike Comrie.
17:53 of 2nd period - Stopped by Rick DiPietro with a rebound.
17:55 of 2nd period - Slapshot by Mike Comrie.
17:55 of 2nd period - Deflect By Ryan Smyth.
17:55 of 2nd period - Shot Misses the Net.
17:55 of 2nd period - Puck is out of play.
17:56 of 2nd period - Mike Ribeiro wins face-off versus Mike Comrie in Predators zone.
18:10 of 2nd period - Icing by Mike Comrie.
18:11 of 2nd period - Mike Comrie wins face-off versus Joe Thornton in Avalanche zone.
18:18 of 2nd period - Snap shot by Jason Pominville.
18:18 of 2nd period - Shot Misses the Net.
18:20 of 2nd period - Slapshot by Jack Johnson.
18:20 of 2nd period - Stopped by Rick DiPietro without a rebound.
18:21 of 2nd period - Alexander Ovechkin wins face-off versus Mike Comrie in Predators zone.
18:34 of 2nd period - Wrist shot by Jason Pominville.
18:34 of 2nd period - Stopped by Rick DiPietro without a rebound.
18:35 of 2nd period - Joe Thornton wins face-off versus Mike Comrie in Predators zone.
18:35 of 2nd period - Joe Thornton is hit by Marc Staal.
18:47 of 2nd period - Wrist shot by Ryan Smyth.
18:47 of 2nd period - Stopped by Rick DiPietro without a rebound.
18:48 of 2nd period - Mike Comrie wins face-off versus Joe Thornton in Predators zone.
19:04 of 2nd period - Wrist shot by Joe Thornton.
19:04 of 2nd period - Shot Blocked by Sami Salo.
19:17 of 2nd period - Off-side.
19:18 of 2nd period - Radim Vrbata wins face-off versus Mike Sillinger in neutral zone.
19:34 of 2nd period - Wrist shot by Mike Sillinger.
19:34 of 2nd period - Deflect By Oleg Saprykin.
19:34 of 2nd period - Stopped by Patrick Lalime with a rebound.
19:42 of 2nd period - Robyn Regehr is hit by Rostislav Olesz and loses puck.
3rd period
0:01 of 3rd period - Joe Thornton wins face-off versus Mike Comrie in neutral zone.
0:26 of 3rd period - Janne Niinimaa is hit by Sami Salo and loses puck.
0:44 of 3rd period - Icing by Sami Salo.
0:45 of 3rd period - Oleg Saprykin wins face-off versus Maxim Talbot in Avalanche zone.
0:54 of 3rd period - Snap shot by Mike Sillinger.
0:54 of 3rd period - Shot Blocked by Maxim Talbot.
0:56 of 3rd period - Slapshot by Robyn Regehr.
0:56 of 3rd period - Stopped by Patrick Lalime with a rebound.
0:58 of 3rd period - Wrist shot by Mike Sillinger.
0:58 of 3rd period - Stopped by Patrick Lalime without a rebound.
0:59 of 3rd period - Jason Pominville wins face-off versus Joe Thornton in Avalanche zone.
0:59 of 3rd period - Jason Pominville is hit by Joe Thornton.
1:09 of 3rd period - Snap shot by Joe Thornton.
1:09 of 3rd period - Goal by Joe Thornton - Avalanche : 2 - Predators : 6.
1:10 of 3rd period - Joe Thornton wins face-off versus Mike Comrie in neutral zone.
1:13 of 3rd period - Snap shot by Adrian Aucoin.
1:13 of 3rd period - Shot Misses the Net.
2:06 of 3rd period - Double Minor Penalty to Chris Simon for Roughing.
2:07 of 3rd period - Ryan Smyth wins face-off versus Mike Sillinger in Predators zone.
2:19 of 3rd period - Slapshot by Jason Pominville.
2:19 of 3rd period - Shot Misses the Net.
2:21 of 3rd period - Snap shot by Mike Comrie.
2:21 of 3rd period - Shot Misses the Net.
2:23 of 3rd period - Slapshot by Sami Salo.
2:23 of 3rd period - Deflect By Ryan Smyth.
2:23 of 3rd period - Stopped by Rick DiPietro without a rebound.
2:24 of 3rd period - Mike Comrie wins face-off versus Oleg Saprykin in Predators zone.
2:37 of 3rd period - Slapshot by Jason Pominville.
2:37 of 3rd period - Stopped by Rick DiPietro with a rebound.
3:15 of 3rd period - Wrist shot by Barret Jackman.
3:15 of 3rd period - Stopped by Patrick Lalime without a rebound.
3:16 of 3rd period - Todd White wins face-off versus Éric Perrin in Avalanche zone.
3:25 of 3rd period - Snap shot by Richard Park.
3:25 of 3rd period - Shot Misses the Net.
3:27 of 3rd period - Wrist shot by Todd White.
3:27 of 3rd period - Shot Blocked by Éric Perrin.
5:32 of 3rd period - Alexander Ovechkin is hit by Radim Vrbata and loses puck.
6:06 of 3rd period - Penalty to Chris Simon is over, Chris Simon is back on ice.
6:39 of 3rd period - Andrew Ladd is hit by Barret Jackman and loses puck.
6:53 of 3rd period - Icing by Alexander Ovechkin.
6:54 of 3rd period - Radim Vrbata wins face-off versus Joe Thornton in Predators zone.
7:14 of 3rd period - Mike Rathje is hit by Adrian Aucoin and loses puck.
7:37 of 3rd period - Mariusz Czerkawski is hit by Radim Vrbata and loses puck.
7:44 of 3rd period - Slapshot by Rostislav Olesz.
7:44 of 3rd period - Shot Blocked by Robyn Regehr.
7:46 of 3rd period - Snap shot by Radim Vrbata.
7:46 of 3rd period - Shot Misses the Net.
7:48 of 3rd period - Slapshot by Mike Rathje.
7:48 of 3rd period - Shot Blocked by Oleg Saprykin.
7:58 of 3rd period - Snap shot by Andrew Ladd.
7:58 of 3rd period - Shot Misses the Net.
8:00 of 3rd period - Snap shot by Andrew Ladd.
8:00 of 3rd period - Shot Misses the Net.
8:02 of 3rd period - Slapshot by Ossi Vaananen.
8:02 of 3rd period - Shot Misses the Net.
8:04 of 3rd period - Slapshot by Ossi Vaananen.
8:04 of 3rd period - Stopped by Rick DiPietro without a rebound.
8:05 of 3rd period - Joe Thornton wins face-off versus Maxim Talbot in Predators zone.
8:05 of 3rd period - Joe Thornton is hit by Maxim Talbot.
8:11 of 3rd period - Snap shot by Alexander Ovechkin.
8:11 of 3rd period - Stopped by Patrick Lalime without a rebound.
8:12 of 3rd period - Joe Thornton wins face-off versus Maxim Talbot in Avalanche zone.
8:15 of 3rd period - Snap shot by Joe Thornton.
8:15 of 3rd period - Stopped by Patrick Lalime without a rebound.
8:16 of 3rd period - Joe Thornton wins face-off versus Mike Comrie in Avalanche zone.
8:27 of 3rd period - Slapshot by Ryan Smyth.
8:27 of 3rd period - Shot Blocked by Mikael Samuelsson.
8:29 of 3rd period - Wrist shot by Ryan Smyth.
8:29 of 3rd period - Shot Misses the Net.
8:41 of 3rd period - Radim Vrbata is hit by Janne Niinimaa and loses puck.
9:29 of 3rd period - Minor Penalty to Chris Simon for High sticking.
9:30 of 3rd period - Mike Comrie wins face-off versus Mike Sillinger in Predators zone.
9:37 of 3rd period - Snap shot by Ryan Smyth.
9:37 of 3rd period - Goal by Ryan Smyth - Avalanche : 3 - Predators : 6.
9:38 of 3rd period - Jason Pominville wins face-off versus Joe Thornton in neutral zone.
11:33 of 3rd period - Mariusz Czerkawski is hit by Jere Lehtinen and loses puck.
11:54 of 3rd period - Wrist shot by Mike Ribeiro.
11:54 of 3rd period - Stopped by Patrick Lalime with a rebound.
11:59 of 3rd period - Off-side.
12:00 of 3rd period - Mike Comrie wins face-off versus Joe Thornton in neutral zone.
12:07 of 3rd period - Snap shot by Jason Pominville.
12:07 of 3rd period - Stopped by Rick DiPietro with a rebound.
12:09 of 3rd period - Wrist shot by Ryan Smyth.
12:09 of 3rd period - Stopped by Rick DiPietro with a rebound.
13:06 of 3rd period - Snap shot by Todd White.
13:06 of 3rd period - Deflect By Martin Lapointe.
13:06 of 3rd period - Stopped by Patrick Lalime without a rebound.
13:07 of 3rd period - Richard Park wins face-off versus Éric Perrin in Avalanche zone.
13:32 of 3rd period - Richard Park is hit by Jere Lehtinen.
13:36 of 3rd period - Snap shot by Kent Huskins.
13:36 of 3rd period - Deflect By Frantisek Kaberle.
13:36 of 3rd period - Stopped by Patrick Lalime with a rebound.
13:38 of 3rd period - Slapshot by Richard Park.
13:38 of 3rd period - Stopped by Patrick Lalime with a rebound.
14:30 of 3rd period - Wrist shot by Adrian Aucoin.
14:30 of 3rd period - Shot Misses the Net.
14:32 of 3rd period - Snap shot by Chris Simon.
14:32 of 3rd period - Stopped by Patrick Lalime without a rebound.
14:33 of 3rd period - Joe Thornton wins face-off versus Mike Comrie in Avalanche zone.
14:40 of 3rd period - Snap shot by Alexander Ovechkin.
14:40 of 3rd period - Goal by Alexander Ovechkin - Avalanche : 3 - Predators : 7.
14:41 of 3rd period - Ryan Smyth wins face-off versus Joe Thornton in neutral zone.
15:14 of 3rd period - Minor Penalty to Jean-Pierre Dumont for Hooking.
15:15 of 3rd period - Mike Sillinger wins face-off versus Mike Comrie in Predators zone.
15:40 of 3rd period - Oleg Saprykin is hit by Sami Salo.
17:14 of 3rd period - Penalty to Jean-Pierre Dumont is over, Jean-Pierre Dumont is back on ice.
17:44 of 3rd period - Dustin Byfuglien is hit by Mike Ribeiro and loses puck.
18:17 of 3rd period - Snap shot by Mike Sillinger.
18:17 of 3rd period - Shot Misses the Net.
18:20 of 3rd period - Icing by Jack Johnson.
18:21 of 3rd period - Mikael Samuelsson wins face-off versus Radim Vrbata in Avalanche zone.
18:42 of 3rd period - Minor Penalty to Frantisek Kaberle for Tripping.
18:43 of 3rd period - Chuck Kobasew wins face-off versus Joe Thornton in Avalanche zone.
19:10 of 3rd period - Ossi Vaananen is hit by Adrian Aucoin and loses puck.
19:28 of 3rd period - Kent Huskins is hit by Jere Lehtinen and loses puck.
19:39 of 3rd period - Joe Thornton is hit by Maxim Talbot and loses puck.
19:56 of 3rd period - Snap shot by Andrew Ladd.
19:56 of 3rd period - Shot Misses the Net.
Output by the SimonT Hockey Simulator (STHS) for François Prévost -- Original Page W3C XHTML 1.0 Valid